AoeStats
← DungaChapado

Arena

510014842Analyzed
4v4 RM · 3d ago on Sep 29, 2026· 57m 56s· 8 players
Game mode
Random Map
Map size
Large (8 player)
Population
200
Speed
Normal
Resources
Standard
Victory
Conquest
Starting age
Dark Age
Ending age
Imperial Age
RankedLock teamsTeams togetherTeam positionsShared explorationLock speedFull tech treeHidden civsTurbo modeCheats
Victory
Defeat
🇲🇽 Aztecs · Mexico
1107
+17
🇨🇴 Slavs · Colombia
1088
+18
🇹🇼 Franks · Taiwan
1080
+18
🇺🇸 Teutons · United States
1056
+19
🇧🇷 Spanish · Brazil
1148
-19
🇧🇷 Goths · Brazil
1140
-19
🇧🇷 Cumans · Brazil
1132
-18
🇧🇷 Romans · Brazil
1071
-16
InvasorDePastos
12:41 Feudal Age
16:21 Castle Age
14:15 Double-Bit Axe
14:45 Horse Collar
15:57 Stone Mining
18:47 Husbandry
19:05 Bow Saw
23:42 Wheelbarrow
25:24 Bloodlines
25:21 Loom
25:54 Hand Cart
25:29 Town Watch
27:26 Detinets
27:28 Heavy Plow
27:55 Scale Barding Armor
28:01 Forging
29:33 Chain Barding Armor
33:26 Imperial Age
31:18 Fletching
32:42 Iron Casting
33:30 Elite Boyar
34:33 Conscription
34:54 Plate Barding Armor
36:42 Capped Ram
37:35 Siege Ram
39:48 Gold Mining
46:47 Blast Furnace
46:31 Gold Shaft Mining
55:02 Two-Man Saw
54:35 Crop Rotation
55:54 Spies/Treason
J_Dav
11:25 Feudal Age
15:54 Castle Age
16:20 Pikeman
19:40 Man-at-Arms
27:22 Gold Mining
28:20 Forging
28:57 Loom
33:41 Town Watch
travis
11:03 Feudal Age
12:54 Wheelbarrow
12:06 Double-Bit Axe
12:02 Horse Collar
17:50 Castle Age
19:09 Bow Saw
19:01 Heavy Plow
23:59 Loom
24:41 Hand Cart
25:41 Fletching
27:57 Town Watch
28:15 Bodkin Arrow
29:16 Fortified Wall
29:18 Masonry
29:10 Guard Tower
32:26 Gold Mining
32:26 Stone Mining
33:20 Ballistics
35:02 Stone Shaft Mining
37:46 Imperial Age
37:19 Ironclad
37:41 Forging
37:31 Scale Mail Armor
37:53 Onager
40:41 Crenellations
40:52 Conscription
40:48 Squires
40:35 Arson
43:13 Elite Teutonic Knight
46:15 Chemistry
45:33 Chain Mail Armor
49:38 Hoardings
49:54 Chain Mail Armor
50:14 Iron Casting
51:48 Siege Engineers
William
11:27 Feudal Age
15:18 Castle Age
13:26 Double-Bit Axe
15:10 Loom
16:04 Wheelbarrow
17:22 Bow Saw
19:50 Fervor
23:39 Scale Barding Armor
24:55 Gold Mining
30:11 Imperial Age
27:58 Hand Cart
28:04 Husbandry
29:48 Forging
29:59 Chain Barding Armor
29:56 Fortified Wall
29:10 Pikeman
29:51 Squires
30:51 Gold Shaft Mining
30:52 Town Watch
31:46 Iron Casting
31:36 Cavalier
32:59 Plate Barding Armor
32:20 Stone Mining
34:27 Blast Furnace
33:10 Halberdier
34:09 Scale Mail Armor
35:13 Conscription
34:58 Chivalry
34:51 Paladin
34:57 Light Cavalry
39:24 Town Patrol
45:07 Ordonnance Companies
45:08 Elite Throwing Axeman
47:47 Arson
48:34 Illumination
48:06 Herbal Medicine
48:27 Block Printing
48:14 Devotion
48:36 Sanctity
49:33 Murder Holes
50:00 Ballistics
50:40 Chemistry
49:47 Siege Engineers
50:35 Coinage
56:25 Spies/Treason
Longshanks
8:42 Feudal Age
9:14 Double-Bit Axe
10:04 Horse Collar
19:52 Castle Age
18:57 Wheelbarrow
18:52 Gold Mining
18:56 Town Watch
19:32 Forging
19:28 Scale Barding Armor
19:54 Capped Ram
20:50 Scale Barding Armor
21:05 Bow Saw
22:02 Iron Casting
22:35 Bloodlines
24:00 Heavy Plow
24:32 Chain Barding Armor
32:47 Hand Cart
32:32 Town Patrol
32:18 Loom
34:29 Coinage
34:01 Caravan
37:25 Imperial Age
37:47 Ballistics
37:20 Fletching
37:30 Padded Archer Armor
37:44 Masonry
39:34 Two-Man Saw
39:05 Crop Rotation
39:08 Bodkin Arrow
39:29 Leather Archer Armor
40:14 Blast Furnace
39:50 Plate Barding Armor
40:04 Gold Shaft Mining
39:19 Stone Mining
41:47 Elite Steppe Lancer
Fiaboi_
10:47 Feudal Age
14:25 Castle Age
13:23 Double-Bit Axe
18:52 Padded Archer Armor
20:05 Horse Collar
21:07 Leather Archer Armor
27:30 Imperial Age
27:28 Wheelbarrow
30:14 Gold Mining
31:40 Chemistry
32:44 Hand Cart
32:47 Bow Saw
32:38 Heavy Plow
34:43 Two-Man Saw
35:39 Bloodlines
35:29 Husbandry
37:32 Conscription
36:38 Pikeman
37:19 Squires
37:05 Gambesons
37:05 Arson
37:31 Halberdier
38:36 Forging
38:26 Scale Mail Armor
38:40 Stone Mining
38:48 Light Cavalry
38:57 Cavalier
40:26 Iron Casting
39:56 Scale Barding Armor
43:06 Blast Furnace
42:21 Chain Mail Armor
Caesar Galinacius
11:11 Feudal Age
15:30 Castle Age
14:02 Double-Bit Axe
15:26 Town Watch
15:27 Loom
15:40 Horse Collar
16:53 Man-at-Arms
DungaChapado
13:29 Feudal Age
17:19 Castle Age
15:24 Horse Collar
15:31 Double-Bit Axe
20:32 Wheelbarrow
22:06 Heavy Plow
26:46 Hand Cart
27:16 Fortified Wall
27:12 Town Watch
32:21 Imperial Age
32:58 Bow Saw
32:44 Loom
33:40 Crop Rotation
34:20 Chemistry
34:25 Ballistas
35:02 Pikeman
35:45 Squires
35:58 Forging
35:48 Scale Mail Armor
35:59 Siege Engineers
36:03 Heavy Scorpion
36:09 Halberdier
37:40 Murder Holes
38:32 Gold Mining
38:38 Town Watch
39:30 Iron Casting
39:11 Chain Mail Armor
39:20 Conscription
40:39 Ballistics
40:31 Masonry
40:11 Man-at-Arms
45:41 Gold Shaft Mining
46:20 Blast Furnace
Connection lost

Rejoining the realm…

Still unreachable

The connection could not be restored.

Session expired

The server has moved on; the page needs a fresh start.